 Dungeon Crawl Stone Soup version 0.20-a0-556-g892c87b (webtiles) character file.

365165 Derfel the Imperceptible (level 21, -23/103 HPs)
             Began as a Spriggan Enchanter on Feb 6, 2017.
             Was the Champion of Dithmenos.
             Annihilated by an ettin
             ... wielding a +0 dire flail
              (48 damage)
             ... on level 2 of the Depths on Feb 8, 2017.
             The game lasted 07:03:23 (72956 turns).

Derfel the Imperceptible (Spriggan Enchanter)      Turns: 72956, Time: 07:03:24

Health: -23/103    AC: 13    Str: 13    XL:     21   Next: 57%
Magic:  15/31      EV: 40    Int: 32    God:    Dithmenos [******]
Gold:   710        SH: 17    Dex: 22    Spells: 10/32 levels left

rFire    + . .     SeeInvis +   a - +9 rapier (elec)
rCold    . . .     Gourm    .   h - +2 robe {rF+}
rNeg     . . .     Faith    .   V - +3 buckler {AC+3}
rPois    +         Spirit   .   U - +2 hat "Zackedd" {Int+4}
rElec    +         Reflect  +   k - +2 cloak
rCorr    .         Harm     .   (gloves unavailable)
MR       +++..                  (boots unavailable)
Stlth    ++++++++++             e - +6 amulet of reflection
Regen    0.3/turn               J - ring "Siytimoh" {Str+3 Int+4 Dex+4}
                                w - ring of Zunuxt {rPois Str+3 Slay+2}

@: very slightly contaminated, wreathed by umbra, very quick
A: unfitting armour, hooves 1, icy blue scales 1, see invisible, deformed body,
herbivore 3, speed 3, frail 1, electricity resistance, slow metabolism 2, strong
1
}: 2/15 runes: decaying, serpentine
a: Shadow Step, Shadow Form, Renounce Religion


You were on level 2 of the Depths.
You worshipped Dithmenos.
Dithmenos was exalted by your worship.
You were not hungry.

You visited 9 branches of the dungeon, and saw 44 of its levels.
You also visited: Sewer and Ice Cave.

You collected 3893 gold pieces.
You spent 3183 gold pieces at shops.

Inventory:

Hand Weapons
 a - a +9 rapier of electrocution (weapon)
 b - a +2 fustibalus of freezing
 D - a +4 demon blade
 Z - a +5 long sword of venom
Missiles
 v - 263 sling bullets (quivered)
Armour
 h - a +2 robe of fire resistance (worn)
 k - a +2 cloak (worn)
 H - +0 ice dragon scales
 S - +0 fire dragon scales
 U - the +2 hat "Zackedd" (worn) {Int+4}
   (You found it on level 1 of the Vaults)

   It affects your intelligence (+4).
 V - a +3 buckler of protection (worn)
Jewellery
 e - a +6 amulet of reflection (around neck)
 f - an uncursed ring of protection from cold
 w - the ring of Zunuxt (left hand) {rPois Str+3 Slay+2}
   (You acquired it on level 4 of the Vaults)

   [ring of strength]

   It affects your strength (+3).
   It affects your accuracy and damage with ranged weapons and melee attacks
   (+2).
   It protects you from poison.
 y - an uncursed ring of resist corrosion
 A - an uncursed ring of protection from fire
 E - an uncursed amulet of regeneration
 J - the ring "Siytimoh" (right hand) {Str+3 Int+4 Dex+4}
   (You bought it in a shop on level 4 of the Snake Pit)

   [ring of intelligence]

   It affects your strength (+3).
   It affects your intelligence (+4).
   It affects your dexterity (+4).
Wands
 o - a wand of disintegration (9/24)
 u - a wand of lightning (1/15)
 z - a wand of acid (7/15)
 M - a wand of paralysis (4/24)
 Y - a wand of iceblast (7/15)
Scrolls
 c - 2 scrolls of amnesia
 g - 3 scrolls of enchant armour
 j - 17 scrolls of remove curse {@r2}
 q - 2 scrolls of magic mapping
 r - 4 scrolls of recharging
 x - 7 scrolls of teleportation
 O - a scroll of blinking
 P - a scroll of identify {@r1}
 R - 2 scrolls of summoning
 T - a scroll of fog
Potions
 i - 7 potions of haste
 l - 22 potions of curing {@q1}
 m - 3 potions of flight
 n - 12 potions of might
 s - a potion of cure mutation
 t - 3 potions of cancellation
 C - 5 potions of agility
 G - 3 potions of brilliance
 I - 4 potions of invisibility
 K - 2 potions of resistance
 L - 3 potions of heal wounds {@q2}
 N - 2 potions of berserk rage
 Q - 2 potions of magic
Books
 F - a Necronomicon

   Spells                             Type                      Level
   a - Haunt                          Necromancy/Summoning         7
   b - Borgnjor's Revivification      Necromancy                   8
   c - Death's Door                   Charms/Necromancy            8
   d - Infestation                    Necromancy                   8
   e - Necromutation                  Transmutation/Necromancy     8
Comestibles
 d - 18 bread rations
 p - 23 royal jellies
 B - a fruit


   Skills:
 + Level 14.0 Fighting
 - Level 14.0 Short Blades
 + Level 23.6 Dodging
 + Level 26.3 Stealth
 + Level 4.7 Shields
 - Level 6.1 Spellcasting
 - Level 17.0 Hexes
 - Level 10.0 Translocations
 - Level 12.8 Invocations


You had 10 spell levels left.
You knew the following spells:

 Your Spells              Type           Power        Failure   Level  Hunger
a - Apportation           Tloc           ######       1%          1    None
b - Ensorcelled Hibernat  Hex/Ice        ######       1%          2    None
c - Confuse               Hex            #######.     0%          3    None
d - Dazzling Spray        Conj/Hex       ######       1%          3    None
e - Tukima's Dance        Hex            #######.     0%          3    None
f - Invisibility          Hex            #######.     1%          6    ######.
g - Passage of Golubria   Tloc           N/A          1%          4    ##.....


Dungeon Overview and Level Annotations

Branches:
Dungeon (15/15)            Temple (0/1) D:6            Lair (6/6) D:10
  Swamp (4/4) Lair:3        Snake (4/4) Lair:2        Slime (5/5) Lair:5
    Orc (2/2) D:11            Elf (2/3) Orc:2        Vaults (4/5) D:14
  Crypt (0/3) Vaults:3     Depths (2/5) D:15

Altars:
Ashenzari
Dithmenos
Elyvilon
Hepliaklqana
Kikubaaqudgha
Makhleb
Nemelex Xobeh
Uskayaw
Vehumet
Zin
Jiyva

Shops:
D:7 [   D:9 ![   D:10 !   D:11 (   Orc:1 (   Orc:2 [!}[   Snake:4 =
Vaults:1 }   Vaults:3 !

Portals:
Hell: Depths:1

Annotations:
D:4 mamga's ghost, novice FoFi
Slime:5 Royal Jelly


Innate Abilities, Weirdness & Mutations

You are very small and have problems with some larger weapons.
You are too small for most types of armour.
You have supernaturally acute eyesight. (SInv)
You are a herbivore.
You cover ground extremely quickly.
You need consume almost no food.
You have large cloven feet.
You are partially covered in icy blue scales. (AC +2)
Armour fits poorly on your strangely shaped body.
You are frail. (-10% HP)
You are resistant to electric shocks. (rElec)
Your muscles are strong. (Str +2)


Message History

The eight-headed hydra looks drowsy...
You block the ettin's attack.
The ettin hits you with a great mace of holy wrath!!!
You emit a cloud of dark smoke.
You hear a shout!
The helpless eight-headed hydra fails to defend itself.
You perforate the eight-headed hydra like a sieve!!!!!
There is a sudden explosion of sparks!
You kill the eight-headed hydra!
Dithmenos accepts your kill.
Casting: Ensorcelled Hibernation
Confirm with . or Enter, or press ? or * to list all spells.
Aiming: Ensorcelled Hibernation
Press: ? - help, Shift-Dir - straight line, f - ettin
Aim: an ettin, wielding a dire flail and a great mace of holy wrath (black smoke, heavily wounded, umbra, chance to defeat MR: 55%)
The ettin resists with some effort.
Your shadow mimicks your spell!
The ettin easily resists.
The ettin hits you with a dire flail!!
* * * LOW HITPOINT WARNING * * *
The ettin hits you with a great mace of holy wrath!!!
You die...

########.#.D.....
#####....†#...# ....#
#........†...# ....#
#####........†.#####....#
#..###.....§<..(#.#.....#
#....#....[§§≈..........#
##.....§§§..§§≈≈..>......#
#.....##C§§.§§§..(.......#
###....§§@§.≈≈§§........(#
#.....§§§§..≈≈≈........H#
###.....§§§...(....(.......
#..............###(#(......
.....§.§...........# ###.......
......≈§≈...>.....## ##....).
.....≈≈§§≈≈....)#..#####).(D..#
.....≈.≈≈≈....#...#)...)..#....
###....≈§§..#...#...#...###..≈§


You could see an ettin.

Vanquished Creatures
  Saint Roka (Snake:3)
  Vashnia (Snake:4)
  Nikola (Snake:2)
  Jorgrun (Snake:2)
  A lich (Vaults:1)
  3 sphinxes (Depths:2)
  7 acid blobs
  Frances (D:13)
  Kirke (Lair:5)
  9 nagarajas (Snake:4)
  3 tengu reavers
  2 azure jellies
  A deep elf sorcerer (Elf:1)
  2 fire giants
  3 frost giants
  Aizul (Snake:1)
  8 vault wardens
  9 ironheart preservers
  5 very ugly things
  A deep elf elementalist (Elf:1)
  An entropy weaver (Vaults:4)
  5 vampire knights
  The ghost of fooot the Jinx, a journeyman SpEn of Gozag (D:13)
  12 stone giants
  2 deep elf annihilators (Vaults:3)
  Azrael (Snake:1)
  A dire elephant (D:15)
  A spark wasp (shapeshifter) (Vaults:1)
  2 deep elf death magi (Vaults:3)
  2 crystal guardians
  6 fire dragons
  2 ettins (Depths:2)
  3 jiangshi (Depths:1)
  6 yaktaur captains
  Erolcha (D:13)
  2 vault guards (Vaults:1)
  Josephine (D:11)
  2 ghost crabs
  5 rakshasas
  12 naga warriors
  7 great orbs of eyes
  An ice dragon (Depths:1)
  30 hydras
  A catoblepas (Lair:3)
  5 centaur warriors
  A death knight (Vaults:4)
  14 ogre magi
  5 dancing weapons
  4 alligators
  12 anacondas
  4 death yaks (Lair:4)
  2 deep troll earth magi
  40 two-headed ogres
  2 tengu warriors
  2 vampire magi (Depths:1)
  4 orc high priests
  A soul eater (Swamp:2)
  8 shock serpents
  Nergalle (Lair:3)
  3 deep elf knights
  17 naga sharpshooters
  3 hell knights (Depths:1)
  The ghost of Iamsock the Cleaver, a novice GrFi of Ashenzari (D:10)
  7 salamander mystics
  A small abomination (Vaults:3)
  The ghost of CompileTime the Slasher, a novice DsCK of Xom (D:8)
  2 shadow wraiths
  A flayed ghost (Depths:1)
  A skeletal warrior (Vaults:4)
  2 spriggan druids
  A death drake (Swamp:3)
  11 deep trolls
  A glowing orange brain (Vaults:4)
  A deep troll (shapeshifter) (Vaults:1)
  2 unseen horrors
  8 swamp dragons
  9 naga ritualists
  9 deep elf archers
  8 phantasmal warriors
  5 ironbrand convokers
  4 wizards
  A spectral hydra (Swamp:3)
  8 orc knights
  6 harpies
  6 mana vipers
  A lindwurm (Lair:5)
  5 necromancers
  4 manticores
  6 orc sorcerers
  10 shining eyes
  8 cyclopes
  A cyclops (shapeshifter) (Depths:1)
  4 wolf spiders
  38 ugly things
  15 salamanders
  12 deep elf magi
  12 vault sentinels
  5 elephants (Lair:5)
  2 black mambas (shapeshifter)
  23 black mambas
  5 guardian serpents
  5 eyes of devastation
  20 naga magi
  3 centaur skeletons
  A rime drake (shapeshifter) (Vaults:3)
  24 spiny frogs
  A torpor snail (Lair:5)
  9 komodo dragons
  2 human zombies (Vaults:3)
  6 swamp worm zombies (Swamp:3)
  The ghost of Iamsock the Stinger, a novice DsWn (D:7)
  A hellion (Depths:1)
  3 tengu conjurers
  32 yaktaurs
  A hellwing (Depths:1)
  5 freezing wraiths
  A troll (shapeshifter) (Vaults:4)
  2 human skeletons
  3 meliai (D:15)
  A queen bee (D:15)
  5 polar bears
  6 trolls
  6 tyrant leeches
  2 tengu simulacra
  71 slime creatures
  A polar bear (shapeshifter) (D:13)
  11 blink frogs
  Grinder (D:6)
  5 hornets
  8 hippogriffs
  5 spectral swamp dragons (Swamp:3)
  10 bog bodies
  5 dream sheep (Lair:6)
  A redback (shapeshifter) (Depths:2)
  3 spriggans
  A centaur simulacrum (D:14)
  An alligator zombie (Swamp:3)
  2 spriggans (shapeshifter)
  5 shadows
  10 wraiths
  3 redbacks (Vaults:4)
  5 water elementals (Depths:1)
  2 fire elementals (Snake:1)
  5 air elementals (Elf:1)
  3 fire bats (Depths:1)
  49 yaks
  A steam dragon (D:11)
  15 vampire mosquitoes
  5 hogs
  2 tyrant leech zombies (Swamp:3)
  2 basilisks
  2 human simulacra (Vaults:3)
  3 hungry ghosts
  Edmund (D:6)
  Menkaure (D:6)
  74 nagas
  16 swamp worms
  5 wargs
  5 insubstantial wisps
  2 soldier ants
  21 water moccasins
  An acid dragon (D:13)
  8 porcupines
  5 spiny frog zombies (Swamp:3)
  Duvessa (D:7)
  10 swamp drakes
  9 hell hounds
  27 orc warriors
  5 phantoms
  4 sky beasts
  2 ice beasts
  An elf zombie (Vaults:1)
  A necrophage (D:11)
  2 black bears (Lair:1)
  32 ogres
  5 eyes of draining
  15 centaurs
  11 wolves
  20 boggarts
  17 crocodiles
  An elf skeleton (Vaults:1)
  A big kobold (shapeshifter) (Vaults:3)
  2 big kobolds
  17 bullfrogs
  An earth elemental (Elf:1)
  A deep troll simulacrum (Vaults:3)
  A gnoll sergeant (D:6)
  A yaktaur skeleton (Vaults:1)
  A scorpion (D:5)
  36 killer bees
  A spriggan zombie (Swamp:3)
  A troll zombie (Swamp:3)
  Dowan (D:7)
  14 wights
  A howler monkey (D:5)
  An elf simulacrum (Vaults:3)
  2 electric eels
  2 lava snakes (Lair:5)
  3 centaur zombies
  7 crimson imps
  2 bullfrog zombies (D:10)
  6 hounds
  4 quasits
  26 orc priests
  11 jellies
  4 bullfrog skeletons
  26 orc wizards
  4 iguanas
  9 worker ants
  2 killer bee zombies
  A hound skeleton (D:5)
  9 gnolls
  13 adders
  A river rat (Sewer)
  5 shadow imps
  12 white imps (D:11)
  An ufetubus (Vaults:2)
  9 oozes
  2 adder zombies (D:7)
  2 worms
  A dart slug (D:2)
  4 leopard geckos
  101 orcs
  9 ball pythons
  4 giant cockroaches
  7 hobgoblins
  8 jackals
  10 quokkas
  A ball python skeleton (D:5)
  6 bats
  8 frilled lizards
  2 jackal skeletons
  17 kobolds
  A quokka skeleton (D:4)
  6 rats
  A bush (Lair:6)
  A crawling corpse (Vaults:3)
  2 plants (Lair:6)
1654 creatures vanquished.

Vanquished Creatures (collateral kills)
  2 ettins (Depths:1)
  3 two-headed ogres
  An orc knight (Vaults:3)
  A wizard (Depths:1)
  A naga (Snake:1)
  An ogre (D:7)
  2 wights (D:10)
  A killer bee (D:15)
  2 orcs (D:11)
  A kobold (D:9)
15 creatures vanquished.

Vanquished Creatures (others)
  Sojobo (Depths:1)
  A two-headed ogre (Depths:1)
  A yaktaur (Vaults:4)
  A hippogriff (Depths:2)
  A boggart (Vaults:1)
  3 ogres (Depths:1)
  A briar patch (Swamp:4)
  16 fungi
  31 plants
  A withered plant (Swamp:3)
57 creatures vanquished.

Grand Total: 1726 creatures vanquished

Notes
Turn   | Place    | Note
-------+----------+-------------------------------------------
     0 | D:1      | Derfel the Spriggan Enchanter began the quest for the Orb.
     0 | D:1      | Reached XP level 1. HP: 9/9 MP: 5/5
   660 | D:1      | Reached XP level 2. HP: 12/13 MP: 4/7
   664 | D:1      | Learned a level 2 spell: Ensorcelled Hibernation
  1626 | D:2      | Reached XP level 3. HP: 16/16 MP: 8/8
  2032 | D:3      | Found a faded altar of an unknown god.
  2131 | D:3      | Found a shadowy altar of Dithmenos.
  2146 | D:3      | Became a worshipper of Dithmenos the Shadowed
  2152 | D:3      | Reached skill level 5 in Stealth
  2322 | D:3      | Reached XP level 4. HP: 19/21 MP: 6/9
  2327 | D:3      | Learned a level 3 spell: Confuse
  2331 | D:3      | Learned a level 3 spell: Dazzling Spray
  2460 | D:3      | Found a sparkling altar of Nemelex Xobeh.
  2634 | D:4      | Noticed a phantom
  2846 | D:4      | Noticed mamga's ghost (novice FoFi)
  3690 | D:5      | Entered Level 5 of the Dungeon
  3916 | D:5      | Reached skill level 5 in Hexes
  4131 | D:5      | Reached XP level 5. HP: 24/24 MP: 2/11
  4235 | D:5      | Learned a level 3 spell: Tukima's Dance
  4309 | D:5      | Reached skill level 6 in Stealth
  4777 | D:5      | Reached XP level 6. HP: 19/28 MP: 13/13
  4815 | D:5      | Reached * piety under Dithmenos
  4824 | D:5      | Reached skill level 5 in Dodging
  5653 | D:5      | Reached XP level 7. HP: 32/32 MP: 11/14
  5655 | D:5      | Reached skill level 7 in Stealth
  5659 | D:5      | Found a burning altar of Makhleb.
  5686 | D:6      | Noticed Menkaure
  5928 | D:6      | Found a glowing drain.
  5937 | Sewer    | Entered a sewer
  6518 | D:6      | Noticed Grinder
  6536 | D:6      | Killed Grinder
  6536 | D:6      | Reached skill level 8 in Stealth
  6555 | D:6      | Reached XP level 8. HP: 29/36 MP: 2/15
  6607 | D:6      | Reached ** piety under Dithmenos
  6770 | D:6      | Noticed Edmund
  6796 | D:6      | Killed Edmund
  7606 | D:6      | Found a shattered altar of Ashenzari.
  7608 | D:6      | Found a hazy altar of Hepliaklqana.
  7610 | D:6      | Found a shadowy altar of Dithmenos.
  7720 | D:6      | Found a white marble altar of Elyvilon.
  7796 | D:6      | Reached skill level 5 in Spellcasting
  7817 | D:6      | Killed Menkaure
  7892 | D:6      | Found a glowing silver altar of Zin.
  8014 | D:6      | Found a staircase to the Ecumenical Temple.
  8332 | D:7      | Found Huxofuo's Armour Emporium.
  8336 | D:7      | Noticed Iamsock's ghost (novice DsWn)
  8416 | D:7      | Bought a +0 buckler for 58 gold pieces
  8479 | D:7      | Reached skill level 9 in Stealth
  8526 | D:7      | Killed Iamsock's ghost
  8526 | D:7      | Reached skill level 1 in Fighting
  8795 | D:7      | Noticed a dagger
  8796 | D:7      | Noticed a dagger
  8808 | D:7      | Found a hide-covered altar of Uskayaw.
  8862 | D:7      | Reached XP level 9. HP: 42/42 MP: 14/18
  9124 | D:7      | Reached skill level 10 in Stealth
  9243 | D:7      | Noticed Duvessa
  9243 | D:7      | Noticed Dowan
  9315 | D:7      | Killed Dowan
  9350 | D:7      | Killed Duvessa
  9350 | D:7      | Reached skill level 10 in Hexes
  9562 | D:7      | Reached *** piety under Dithmenos
 10440 | D:8      | Noticed a two-headed ogre
 10455 | D:8      | Killed a two-headed ogre
 10455 | D:8      | Reached skill level 10 in Dodging
 10455 | D:8      | Reached skill level 11 in Stealth
 10539 | D:8      | Reached XP level 10. HP: 49/49 MP: 1/19
 10996 | D:8      | Noticed a two-headed ogre
 11100 | D:8      | Killed a two-headed ogre
 11347 | D:8      | Noticed CompileTime's ghost (novice DsCK)
 11377 | D:8      | Killed CompileTime's ghost
 11377 | D:8      | Reached skill level 12 in Stealth
 11453 | D:9      | Found Serihesu's Distillery.
 11885 | D:9      | Found Pasoit's Armour Boutique.
 11979 | D:9      | Reached **** piety under Dithmenos
 12341 | D:9      | Reached skill level 5 in Fighting
 12359 | D:9      | Noticed a two-headed ogre
 12366 | D:9      | Killed a two-headed ogre
 12737 | D:10     | Entered Level 10 of the Dungeon
 12893 | D:9      | Reached skill level 13 in Stealth
 12893 | D:9      | Reached XP level 11. HP: 44/56 MP: 6/20
 13210 | D:10     | Found a staircase to the Lair.
 13732 | D:10     | Noticed Iamsock's ghost (novice GrFi)
 13928 | D:10     | Killed Iamsock's ghost
 14035 | D:9      | Reached ***** piety under Dithmenos
 14462 | D:10     | Found Ceheelikk's Distillery.
 14812 | D:10     | Bought a potion of heal wounds for 50 gold pieces
 14914 | D:10     | Reached skill level 14 in Stealth
 14998 | Lair:1   | Entered Level 1 of the Lair of Beasts
 15270 | Lair:1   | Noticed a five-headed hydra
 16168 | Lair:1   | Reached XP level 12. HP: 62/62 MP: 16/21
 16266 | Lair:1   | Killed a five-headed hydra
 16483 | Lair:2   | Found a staircase to the Snake Pit.
 16620 | Lair:2   | Reached skill level 1 in Invocations
 16786 | Lair:2   | Noticed a five-headed hydra
 16794 | Lair:2   | Killed a five-headed hydra
 16794 | Lair:2   | Reached skill level 15 in Stealth
 17096 | Lair:3   | Noticed a four-headed hydra
 17098 | Lair:3   | Killed a four-headed hydra
 17237 | Lair:3   | Noticed an eight-headed hydra
 17265 | Lair:3   | Found a staircase to the Swamp.
 17276 | Lair:3   | Noticed a catoblepas
 17351 | Lair:3   | Killed an eight-headed hydra
 17624 | Lair:3   | Noticed a seven-headed hydra
 18116 | Lair:3   | Killed a seven-headed hydra
 18364 | Lair:3   | Killed a catoblepas
 19416 | Lair:3   | Reached skill level 16 in Stealth
 19553 | Lair:4   | Noticed a four-headed hydra
 19558 | Lair:4   | Killed a four-headed hydra
 19606 | Lair:4   | Reached skill level 5 in Invocations
 19612 | Lair:4   | Reached XP level 13. HP: 68/68 MP: 15/22
 19924 | Lair:4   | Noticed Nergalle
 20034 | Lair:3   | Killed Nergalle
 20543 | Lair:5   | Got a slimy dagger
 20553 | Lair:5   | Got a shimmering hunting sling
 20562 | Lair:5   | Identified the +11 dagger of Law {pierce, Fragile rPois rC++ SInv} (You found it on level 5 of the Lair of Beasts)
 20768 | Lair:5   | Noticed a fire dragon
 21268 | Lair:5   | Found a runed door.
 21339 | Lair:5   | Found a runed door.
 21339 | Lair:5   | Found a viscous altar of Jiyva.
 21351 | Lair:5   | Found a staircase to the Slime Pits.
 21775 | Lair:6   | Entered Level 6 of the Lair of Beasts
 21877 | Lair:6   | Noticed Kirke
 22678 | Lair:6   | Reached skill level 17 in Stealth
 23105 | Lair:6   | Noticed a sphinx
 23106 | Lair:6   | Noticed a sphinx
 23466 | Lair:6   | Noticed a sphinx
 23925 | Lair:5   | Killed Kirke
 23925 | Lair:5   | Reached skill level 15 in Hexes
 24379 | Lair:6   | Noticed a dire elephant
 24379 | Lair:6   | Noticed a dire elephant
 24388 | Lair:6   | Noticed a dire elephant
 24490 | Lair:6   | Noticed a dire elephant
 24575 | Lair:6   | Noticed a dire elephant
 25402 | D:11     | Found Quniyfol's Antique Weapon Boutique.
 25435 | D:11     | Learned a level 1 spell: Apportation
 25538 | D:11     | Found a frozen archway.
 25660 | IceCv    | Entered an ice cave
 25680 | IceCv    | Noticed Grorgnorb's ghost (journeyman OpVM)
 26107 | D:11     | Noticed Josephine
 26109 | D:11     | Killed Josephine
 26463 | D:11     | Reached XP level 14. HP: 74/74 MP: 4/23
 26620 | D:11     | Found a staircase to the Orcish Mines.
 26725 | D:11     | Reached skill level 18 in Stealth
 27294 | Orc:1    | Entered Level 1 of the Orcish Mines
 27388 | Orc:2    | Entered Level 2 of the Orcish Mines
 27402 | Orc:2    | Reached skill level 15 in Dodging
 27510 | Orc:2    | Found a staircase to the Elven Halls.
 27922 | Orc:1    | Found Roghag's Antique Weapon Emporium.
 28041 | Orc:1    | Gained mutation: Your muscles are strong. (Str +2) [a neqoxec]
 28043 | Orc:1    | Gained mutation: You are resistant to electric shocks. (rElec) [a neqoxec]
 28661 | Orc:2    | Reached ****** piety under Dithmenos
 29308 | Orc:2    | Found Qajon's Distillery.
 29308 | Orc:2    | Found Vuorroill's Antique Armour Shop.
 29309 | Orc:2    | Found Pile's Gadget Shop.
 29313 | Orc:2    | Found Gownoehasa's Antique Armour Boutique.
 29316 | Orc:2    | Bought a potion of invisibility for 96 gold pieces
 29320 | Orc:2    | Bought a silken robe for 171 gold pieces
 29331 | Orc:2    | Identified the +3 robe of the Thirsty Wonders {rN+ MP+9} (You bought it in a shop on level 2 of the Orcish Mines)
 29335 | Orc:2    | Bought a glowing cloak for 241 gold pieces
 29818 | D:12     | Reached skill level 1 in Translocations
 30671 | D:13     | Noticed fooot's ghost (journeyman SpEn)
 30689 | D:13     | Killed fooot's ghost
 30817 | D:13     | Noticed Erolcha
 30819 | D:13     | Killed Erolcha
 30840 | D:13     | Noticed Frances
 30842 | D:13     | Found a viscous altar of Jiyva.
 31223 | D:13     | Killed Frances
 31223 | D:13     | Reached skill level 19 in Stealth
 31778 | D:14     | Found a gate to the Vaults.
 32286 | D:14     | Identified the Volume of Cloudy Changing
 32541 | D:15     | Entered Level 15 of the Dungeon
 32719 | D:15     | Reached skill level 10 in Fighting
 32719 | D:15     | Reached XP level 15. HP: 80/80 MP: 24/24
 33149 | D:15     | Got a warped robe
 33161 | D:15     | Identified the +1 robe of Ennui {Int+5} (You found it on level 15 of the Dungeon)
 33188 | D:15     | Found a staircase to the Depths.
 33983 | D:9      | Bought a potion of heal wounds for 70 gold pieces
 33983 | D:9      | Bought 2 potions of heal wounds for 140 gold pieces
 34061 | Swamp:1  | Entered Level 1 of the Swamp
 34970 | Swamp:2  | Reached skill level 5 in Short Blades
 36718 | Swamp:3  | Gained mutation: You are partially covered in icy blue scales. (AC +2) [potion of beneficial mutation]
 36890 | Swamp:3  | Reached skill level 20 in Stealth
 37714 | Swamp:4  | Entered Level 4 of the Swamp
 38000 | Swamp:4  | Noticed a thorn hunter
 38678 | Swamp:4  | Reached XP level 16. HP: 84/84 MP: 12/25
 39457 | Swamp:4  | Got a decaying rune of Zot
 39632 | Snake:1  | Entered Level 1 of the Snake Pit
 39721 | Snake:1  | Noticed Aizul
 39729 | Snake:1  | Killed Aizul
 40209 | Snake:1  | Noticed Azrael
 41038 | Snake:1  | Killed Azrael
 41042 | Snake:1  | Found a runed gate.
 41042 | Snake:1  | Found a runed gate.
 41042 | Snake:1  | Found a runed gate.
 41575 | Snake:1  | Reached skill level 21 in Stealth
 41913 | Snake:2  | Noticed Jorgrun
 41920 | Snake:2  | Killed Jorgrun
 42521 | Snake:2  | Noticed Nikola
 42528 | Snake:2  | Killed Nikola
 42576 | Snake:2  | Found an ancient bone altar of Kikubaaqudgha.
 43491 | Snake:2  | Reached skill level 10 in Invocations
 44017 | Snake:2  | Reached XP level 17. HP: 92/92 MP: 11/26
 44764 | Snake:3  | Noticed Saint Roka
 44769 | Snake:3  | Killed Saint Roka
 45322 | Snake:4  | Entered Level 4 of the Snake Pit
 45727 | Snake:4  | Reached skill level 22 in Stealth
 45786 | Snake:4  | Found Izyq's Jewellery Emporium.
 47296 | Snake:4  | Noticed Vashnia
 47322 | Snake:4  | Killed Vashnia
 49827 | Snake:4  | Reached XP level 18. HP: 98/98 MP: 22/27
 49854 | Snake:4  | Got a serpentine rune of Zot
 50269 | Orc:2    | Bought a potion of invisibility for 96 gold pieces
 50269 | Orc:2    | Bought a potion of heal wounds for 60 gold pieces
 50269 | Orc:2    | Bought a potion of heal wounds for 60 gold pieces
 50269 | Orc:2    | Bought a potion of heal wounds for 60 gold pieces
 50269 | Orc:2    | Bought a potion of invisibility for 96 gold pieces
 50321 | Orc:1    | Identified the +8 hunting sling "Feclyel" {flame, *Contam +Fly Dex+3 SInv} (You found it on level 5 of the Lair of Beasts)
 50584 | Snake:4  | Bought the ring "Siytimoh" {Str+3 Int+4 Dex+4} for 876 gold pieces
 50823 | Elf:1    | Entered Level 1 of the Elven Halls
 50915 | Elf:1    | Reached skill level 23 in Stealth
 51032 | Elf:1    | Identified a scroll of acquirement
 52868 | Snake:2  | Gained mutation: You are frail. (-10% HP) [mutagenic glow]
 53072 | Vaults:1 | Entered Level 1 of the Vaults
 55261 | Vaults:1 | Reached skill level 10 in Short Blades
 56227 | Vaults:1 | Found Ohomuyn's Gadget Shop.
 56235 | Vaults:1 | Bought a wand of acid (8/15) for 384 gold pieces
 56288 | Vaults:1 | Got an encrusted hat
 56294 | Vaults:1 | Identified the +2 hat "Zackedd" {Int+4} (You found it on level 1 of the Vaults)
 56301 | Vaults:1 | Got a warped hat
 56307 | Vaults:1 | Identified the +0 hat of the Lonely Tales {MR+ Str+4} (You found it on level 1 of the Vaults)
 56363 | Vaults:1 | Found a radiant altar of Vehumet.
 56363 | Vaults:1 | Noticed a lich
 56365 | Vaults:1 | Killed a lich
 56468 | Vaults:1 | Got a fine hat
 56479 | Vaults:1 | Identified the -2 hat "Zoahoid" {rCorr Str+3} (You found it on level 1 of the Vaults)
 57163 | Vaults:2 | Reached XP level 19. HP: 92/92 MP: 29/29
 57642 | Vaults:2 | Got a tattered robe
 57653 | Vaults:2 | Identified the +1 robe of Ylalutt {-Cast rElec Regen+} (You found it on level 2 of the Vaults)
 58092 | Vaults:2 | Reached skill level 24 in Stealth
 60818 | Vaults:3 | Found a staircase to the Crypt.
 61912 | Vaults:3 | Found Tufyaze's Distillery.
 61919 | Vaults:3 | Bought a potion of heal wounds for 65 gold pieces
 61919 | Vaults:3 | Bought a potion of heal wounds for 65 gold pieces
 61919 | Vaults:3 | Bought a potion of heal wounds for 65 gold pieces
 62359 | Vaults:3 | Reached XP level 20. HP: 97/97 MP: 11/30
 62560 | Vaults:3 | Reached skill level 25 in Stealth
 63670 | Vaults:4 | Got a translucent lead ring
 63672 | Vaults:4 | Identified the ring of Zunuxt {rPois Str+3 Slay+2} (You acquired it on level 4 of the Vaults)
 64003 | Vaults:4 | Learned a level 6 spell: Invisibility
 64008 | Vaults:4 | Learned a level 4 spell: Passage of Golubria
 64438 | Vaults:4 | Reached skill level 5 in Translocations
 65557 | Snake:4  | Bought an uncursed ring of resist corrosion for 360 gold pieces
 65776 | Slime:1  | Entered Level 1 of the Pits of Slime
 68121 | Slime:3  | Reached skill level 1 in Shields
 68572 | Slime:2  | Gained mutation: Armour fits poorly on your strangely shaped body. [a shining eye]
 68574 | Slime:2  | Gained mutation: You have large cloven feet. [a shining eye]
 68789 | Slime:5  | Entered Level 5 of the Pits of Slime
 68823 | Slime:5  | Found a viscous altar of Jiyva.
 68825 | Slime:5  | Noticed the Royal Jelly
 69164 | Depths:1 | Entered Level 1 of the Depths
 69183 | Depths:1 | Noticed Sojobo
 69207 | Depths:1 | Reached skill level 10 in Translocations
 69455 | Depths:1 | Reached XP level 21. HP: 50/102 MP: 23/31
 70362 | Depths:1 | Killed Sojobo
 70380 | Depths:1 | Reached skill level 26 in Stealth
 70599 | D:10     | Bought a potion of curing for 30 gold pieces
 70599 | D:10     | Bought a potion of heal wounds for 50 gold pieces
 70599 | D:10     | Bought a potion of agility for 40 gold pieces
 70599 | D:10     | Bought a potion of heal wounds for 50 gold pieces
 70830 | Depths:1 | Found a gateway to Hell.
 72956 | Depths:2 | Annihilated by an ettin

Vault maps used:
D:1:      dpeg_arrival_tiny_a
D:2:      lemuel_upstairs_altar
D:3:      old_standard_altar, chequers_ecumenical_altar_simple, st_stairs_14,
          nicolae_dithmenos_shadow_blocks
D:4:      first_bread
D:5:      makhleb_heckhound_becter
D:6:      lemuel_crystal_altar, grunt_temple_overflow_open,
          minmay_temple_entry_enclosed_plants, lightli_sewer_entry_pipes,
          basic_altar, corexii_item_surrounded_by_moat, eino_tiny_chamber,
          uniq_menkaure, uniq_edmund, uniq_grinder
D:7:      dancing_weapons_uskayaw, serial_shops, shop, serial_glass,
          glass_columns_b, glass_columns_c, glass_columns_c, glass_columns_a,
          glass_columns_a, glass_columns_c, glass_columns_c, glass_columns_b,
          uniq_duvessa
D:9:      serial_shops, shop, shop, grunt_decor_clamped
D:10:     minmay_lair_entry_lava, serial_shops, nicolae_shop_statue_plus
D:11:     hiddenorc2_lemuel, portal_ice_cave_entry_imps, serial_shops,
          nicolae_shop_crystal, hangedman_little_slice_of_home,
          kennysheep_cross_room, kb_lookout_dungeons_type, minivault_23,
          uniq_josephine
D:12:     minmay_open_boxes_in_corner, nrook_loot_triangle
D:13:     serial_aquarium, aquarium_bridge_island_small, aquarium_window_1,
          aquarium_window_fake, aquarium_window_2, aquarium_view_2b,
          aquarium_view_2f, aquarium_balcony_5b, aquarium_pool_corner,
          jiyva_altar_1, uniq_erolcha, uniq_frances
D:14:     erik_vaults_1, kennysheep_crisscross
D:15:     hangedman_depths_entry_try_elsewhere_first, minmay_tree_intersection,
          special_room
Lair:1:   serial_bayou_lagoon_a, minivault_24
Lair:2:   minmay_snake_entry_guardpost_small
Lair:3:   swamp_mist_pool
Lair:4:   grunt_megastairs_2, serial_bayou_shore_a, uniq_nergalle
Lair:5:   dragon1_lemuel, slime_altar_2, pf_torpor_hydra
Lair:6:   due_jungle_book, nicolae_lair_yak_garden, lemuel_fruit_fields,
          uniq_kirke
Swamp:1:  hangedman_swamp_lotus
Swamp:2:  infiniplex_staircase_pool, hangedman_swamp_cone, swamp_pool5
Swamp:3:  cheibrodos_swamp_mausoleum, nicolae_swamp_trees_clearing
Swamp:4:  swamp, swamp_pool1
Snake:1:  nicolae_snake_horde_hoard, uniq_azrael, uniq_aizul
Snake:2:  basic_altar, abandoned_shop, abandoned_shop, uniq_nikola, uniq_jorgrun
Snake:3:  spider_trap, lemuel_fruit_tree, uniq_saint_roka
Snake:4:  johnstein_snake_rune_scales, serial_shops, nicolae_shop_stone
Slime:2:  cheibrodos_slime_lost_civilization_6
Orc:1:    serial_shops, shop
Orc:2:    st_orc_mages
Elf:1:    hangedman_elf_disciples
Elf:2:    serial_shops, shop, lemuel_elevator
Vaults:1: v_misc_30, ontoclasm_vaults_ligature, vaults_room_semicircle,
          nicolae_vaults_network_square, ontoclasm_vaults_twist,
          vaults_mumra_hexcomb, v_misc_28, hangedman_vaults_maws,
          nicolae_vaults_little_squares_3,
          nicolae_vaults_windows_and_doors_thing, vaults_mumra_lcd,
          ontoclasm_vaults_shuriken, vaults_dpeg_encased_lava,
          grunt_tower_of_power, serial_shops, shop
Vaults:2: nicolae_vaults_circle_grid_b, ontoclasm_vaults_idyll,
          nicolae_vaults_bisected_slash, vaults_dpeg_spiral,
          vaults_mumra_chevron_long, grunt_vaults_bifocal,
          hangedman_vaults_locks, v_misc_17, nicolae_vaults_border_crossing,
          serial_ice_h, vaults_dpeg_diagonal
Vaults:3: minmay_crypt_entry_simple_sparse, nicolae_vaults_quartermaster,
          ontoclasm_vaults_claustrophobia, vaults_room_grid,
          nicolae_vaults_little_squares_5, v_pattern_5, ontoclasm_vaults_spin,
          serial_shops, nicolae_shop_stone
Vaults:4: nicolae_vaults_inception_scallops, grunt_vaults_swirl,
          nicolae_vaults_little_squares_2, nicolae_vaults_twisting_passages,
          nicolae_vaults_alarming, nicolae_vaults_mini_display_case
Depths:1: hellmouth_1, serial_sigils_hangedman_leer, spider_trap,
          minmay_misc_feat_enclosed, minmay_misc_feat_more_columns,
          lemuel_flamethrower_2, serial_bayou_shore_b, uniq_sojobo
Depths:2: minmay_mutant_horseshoe, hex_medium, special_room,
          trove_entry_hex_spiral, hell_entry
Sewer:    sewer_co_cracked_pipes
IceCv:    ice_cave_small_giant

Skill      XL: |  1  2  3  4  5  6  7  8  9 10 11 12 13 14 15 16 17 18 19 20 21 |
---------------+----------------------------------------------------------------+-----
Spellcasting   | 3 4 5 6 |  6.1
Hexes          | 4 5 7 8 9 10 11 13 14 15 16 17 | 17.0
Dodging        | 4 5 6 8 10 11 13 14 16 17 19 20 22 23 | 23.6
Stealth        | 5 6 8 9 11 13 14 16 17 19 20 21 22 23 24 25 26 | 26.3
Fighting       | 1 3 5 6 7 8 10 11 12 13 14 | 14.0
Invocations    | 5 6 8 10 11 12 | 12.8
Short Blades   | 3 4 5 11 14 | 14.0
Translocations | 4 10 | 10.0
Shields        | 2 4 |  4.7

Action                   |  1- 3 |  4- 6 |  7- 9 | 10-12 | 13-15 | 16-18 | 19-21 || total
-------------------------+-------+-------+-------+-------+-------+-------+-------++-------
Melee: Dagger            |   103 |    85 |   331 |   440 |  1063 |   587 |       ||  2609
       Rapier            |       |       |       |       |       |   345 |  1094 ||  1439
       Long sword        |       |       |       |       |       |    17 |       ||    17
       Kick              |       |       |       |       |       |       |   112 ||   112
 Fire: Hunting sling     |       |       |     4 |    12 |       |    20 |       ||    36
       Fustibalus        |       |       |       |       |       |       |    26 ||    26
Throw: Stone             |       |       |     1 |     4 |    14 |     2 |       ||    21
 Cast: Corona            |    15 |       |       |       |       |       |       ||    15
       Ensorcelled Hiber |    18 |    32 |    80 |   178 |   357 |   301 |   202 ||  1168
       Confuse           |       |    25 |    44 |    58 |   132 |    42 |    92 ||   393
       Tukima's Dance    |       |     1 |     5 |     6 |     3 |     4 |     8 ||    27
       Dazzling Spray    |       |       |     6 |    44 |   146 |   245 |   200 ||   641
       Apportation       |       |       |       |       |       |     1 |     2 ||     3
       Passage of Golubr |       |       |       |       |       |       |     5 ||     5
       Invisibility      |       |       |       |       |       |       |     5 ||     5
Invok: Shadow Step       |       |       |       |     6 |    24 |     9 |    16 ||    55
 Abil: Evoke Flight      |       |       |       |       |    11 |     2 |       ||    13
       Stop Flying       |       |       |       |       |       |     1 |       ||     1
Evoke: Wand              |       |       |       |     2 |     6 |     4 |     2 ||    14
  Use: Scroll            |     4 |     8 |     3 |    11 |    27 |    20 |     9 ||    82
       Potion            |       |       |     2 |       |    12 |    13 |     8 ||    35
 Stab: Sleeping          |    17 |    22 |    46 |   121 |   306 |   230 |   192 ||   934
       Confused          |       |     3 |    28 |    34 |    64 |    18 |    48 ||   195
       Distracted        |       |       |     2 |     2 |     4 |    10 |    10 ||    28
       Invisible         |       |       |       |     9 |    11 |    64 |    38 ||   122
  Eat: Royal jelly       |       |     3 |     2 |     1 |     9 |       |     3 ||    18
       Fruit             |       |       |     4 |     8 |     9 |    11 |     3 ||    35
       Bread ration      |       |       |       |     1 |     1 |     1 |     2 ||     5
Armor: Robe              |    17 |    10 |    20 |     7 |    50 |    40 |    49 ||   193
Dodge: Dodged            |    65 |    61 |   249 |   441 |  1087 |  1031 |   940 ||  3874
Block: Buckler           |       |       |    37 |   119 |   262 |   362 |   436 ||  1216
       Reflection        |       |       |       |       |       |       |     6 ||     6
       Rpst.: Long sword |       |       |       |       |       |     6 |       ||     6
